 Dungeon Crawl Stone Soup version 0.21.0-3-g78d12a8 (webtiles) character file.

238 Megalobster the Chopper (level 5, -1/70 HPs)
             Began as a Minotaur Berserker on Jan 8, 2018.
             Was a Priest of Trog.
             Killed from afar by Ijyb (22 damage)
             ... with a wand of acid (3)
             ... on level 3 of the Dungeon.
             The game lasted 00:03:45 (1774 turns).

Megalobster the Chopper (Minotaur Berserker)        Turns: 1774, Time: 00:03:45

Health: -1/70      AC:  8    Str: 28    XL:     5   Next: 78%
Magic:  4/4        EV: 11    Int:  4    God:    Trog [***...]
Gold:   171        SH:  0    Dex:  9    Spells: 4/4 levels left

rFire    . . .     SeeInvis .   a - +0 hand axe
rCold    . . .     Gourm    .   (no shield)
rNeg     . . .     Faith    .   i - +0 scale mail
rPois    .         Spirit   .   (helmet restricted)
rElec    .         Reflect  .   h - scarf {repulsion}
rCorr    .         Harm     .   (no gloves)
MR       .....     Rnd*Tele +   n - +0 pair of boots
Stlth    ..........             (no amulet)
HPRegen  0.21/turn              k - ring of teleportation (curse)
MPRegen  0.09/turn              (no ring)

@: berserking, repel missiles, very quick
A: retaliatory headbutt, horns 2
a: Berserk, Trog's Hand, Burn Spellbooks, Renounce Religion


You were on level 3 of the Dungeon.
You worshipped Trog.
Trog was most pleased with you.
You were very hungry.

You visited 1 branch of the dungeon, and saw 3 of its levels.

You collected 171 gold pieces.

Inventory:

Hand Weapons
 a - a +0 hand axe (weapon)
Armour
 b - a +0 animal skin
 h - a scarf of repulsion (worn)
 i - a +0 scale mail (worn)
 n - a +0 pair of boots (worn)
Jewellery
 k - a cursed ring of teleportation (left hand)
 r - an uncursed amulet of magic regeneration {unknown}
Wands
 q - a wand of iceblast (7)
 s - a wand of polymorph (17)
Scrolls
 e - 3 scrolls of identify {unknown}
 g - 2 scrolls of blinking {unknown}
 l - a scroll of remove curse {unknown}
 o - a scroll of teleportation {unknown}
 p - 2 scrolls of magic mapping {unknown}
Potions
 f - 3 potions of lignification {unknown}
 j - a potion of heal wounds {unknown}
 m - a potion of might {unknown}
Comestibles
 c - 7 rations
 d - 5 chunks of flesh


   Skills:
 + Level 4.8 Fighting
 * Level 5.7 Axes
 + Level 3.8 Armour
 + Level 3.5 Dodging


You had 4 spell levels left.
You didn't know any spells.

Dungeon Overview and Level Annotations

Branches:
Dungeon (3/15)

Altars:
Cheibriados
Qazlal

Annotations:
D:3 Ijyb


Innate Abilities, Weirdness & Mutations

You reflexively headbutt those who attack you in melee.
You have a pair of horns on your head.


Message History

Some of the chunks of flesh in your inventory have rotted away.
You now have 171 gold pieces (gained 11).
s - a wand of polymorph (17) Some of the chunks of flesh in your inventory have rotted away.
p - 2 scrolls labeled DOEC OJEAM (gained 1) Some of the chunks of flesh in your inventory have rotted away.
Ijyb the Twisted Goblin comes into view.
You are feeling hungry.
Ijyb shouts!
Ijyb zaps a wand.
The bolt of acid misses you.
It is a wand of acid (4).
Ijyb zaps a wand.
The bolt of acid hits you!
You are splashed with acid!
The acid burns!
* * * LOW HITPOINT WARNING * * *
A red film seems to cover your vision as you go berserk!
You feel yourself moving faster!
You feel mighty!
You are feeling very hungry.
Ijyb completely misses you.
You barely miss Ijyb. Your headbutt misses Ijyb.
Ijyb zaps a wand.
The bolt of acid hits you!
You die...

### ##.## #g@.#
###.#..#
#####...##.#
######.....###
.##
####......#####
..# .....######
#####.## ######
##......## ##
##........## .#
#..........#


You could see Ijyb.

Vanquished Creatures
  An ogre (D:3)
  Robin (D:2)
  3 adders
  3 gnolls (D:2)
  4 worms
  2 dart slugs (D:1)
  A leopard gecko (D:2)
  An orc (D:3)
  4 giant cockroaches
  16 goblins
  5 hobgoblins
  6 jackals (D:2)
  A quokka (D:3)
  6 bats
  9 kobolds
  6 rats
69 creatures vanquished.

Notes
Turn   | Place    | Note
-------+----------+-------------------------------------------
     0 | D:1      | Megalobster the Minotaur Berserker began the quest for the Orb.
     0 | D:1      | Reached XP level 1. HP: 19/19 MP: 0/0
   218 | D:1      | Reached XP level 2. HP: 18/27 MP: 1/1
   421 | D:1      | Reached skill level 4 in Axes
   490 | D:2      | Reached XP level 3. HP: 33/33 MP: 2/2
   534 | D:2      | Noticed Robin
   537 | D:2      | Reached ** piety under Trog
   539 | D:2      | Reached XP level 4. HP: 38/40 MP: 3/3
   547 | D:2      | Killed Robin
   763 | D:2      | Found a stormy altar of Qazlal.
   815 | D:2      | Reached skill level 5 in Axes
  1327 | D:3      | Noticed an ogre
  1334 | D:3      | Killed an ogre
  1334 | D:3      | Reached XP level 5. HP: 47/47 MP: 4/4
  1609 | D:3      | Reached *** piety under Trog
  1629 | D:3      | Found a snail-covered altar of Cheibriados.
  1770 | D:3      | Noticed Ijyb
  1774 | D:3      | Killed from afar by Ijyb

Skill      XL: |  1  2  3  4 |
---------------+-------------+-----
Axes           | 4 5 |  5.7
Fighting       | 4 |  4.8
Armour         | 3 |  3.8
Dodging        | 3 |  3.5

Action                   |  1- 3 |  4- 6 || total
-------------------------+-------+-------++-------
Melee: Hand axe          |    33 |    73 ||   106
       Headbutt          |     5 |    10 ||    15
Invok: Berserk           |     1 |     3 ||     4
  Eat: Chunk             |       |     5 ||     5
Armor: Animal skin       |     1 |       ||     1
       Scale mail        |    15 |    29 ||    44
Dodge: Dodged            |    22 |    48 ||    70
